[Event "Early-Titled-Tuesday-Blitz-January-30-2024"]
[Site "Chess.com"]
[Date "2024.01.30"]
[Round "5"]
[White "bulletteemo"]
[Black "Kotofeyca"]
[Result "1-0"]
[WhiteElo "2523"]
[BlackElo "2387"]
[TimeControl "180+1"]
[EndTime "8:57:10 PST"]
[Termination "bulletteemo won on time"]

1. e4 c5 2. Nf3 d6 3. Bb5+ Bd7 4. Bxd7+ Qxd7 5. O-O Nf6 6. Qe2 Nc6 7. c3 e6 8. d4 cxd4 9. cxd4 d5 10. e5 Ne4 11.
Be3 Be7 12. Ne1 f6 13. f3 Ng5 14. Nd3 O-O 15. Nc3 Rac8 16. Rad1 Na5 17. exf6 Bxf6 18.
Nc5 Qe7 19. Bxg5 Bxg5 20. Nxe6 Rfe8 21. Rfe1 Qd6 22. f4 Bxf4 23. Qg4 Bxh2+ 24. Kh1 Re7 25. Nxg7 Rxg7 26. Qxc8+ Kf7 27. Qf5+ 1-0

[Event "Early-Titled-Tuesday-Blitz-January-30-2024"]
[Site "Chess.com"]
[Date "2024.01.30"]
[Round "5"]
[White "Jojo_898"]
[Black "Alexei_Gubajdullin"]
[Result "1/2-1/2"]
[WhiteElo "2451"]
[BlackElo "2625"]
[TimeControl "180+1"]
[EndTime "8:57:13 PST"]
[Termination "Game drawn by repetition"]

1. e4 e5 2. Nf3 Nf6 3. Nxe5 d6 4. Nf3 Nxe4 5. Nc3 Nxc3 6. dxc3 Nc6 7. Bd3 Be7 8. O-O O-O 9. Be3 Ne5 10. Be4 Bg4 11. h3 Nxf3+ 12. Bxf3 Bxf3 13. Qxf3 b6 14. Bd4 Re8 15. Rad1 Bf8 16. Rfe1 Qd7 17. c4 a5 18. Qd5 Qa4 19. b3 Qxa2 20. Qc6 Qxc2 21. Rc1 Rxe1+ 22. Rxe1 Qd2 23. Qxa8 Qxe1+ 24. Kh2 Qd1 25. Be3 Qxb3 26. Bg5 Qxc4 27. Be7 h6 28. Qxf8+ Kh7 29. Qc8 a4 30. Qf5+ g6 31. Qc8 Qe6 32. Qd8 Qe5+ 33. g3 Qe2 34. Kg2 Qe4+ 35. Kf1 Qd3+ 36. Kg1 Qd1+ 37. Kg2 Qd5+ 38.
Kh2 Qf3 39. Kg1 Qd1+ 40. Kh2 Qf3 41. Kg1 Qd1+ 1/2-1/2

[Event "Early-Titled-Tuesday-Blitz-January-30-2024"]
[Site "Chess.com"]
[Date "2024.01.30"]
[Round "5"]
[White "jjlai1111"]
[Black "GameOverBro"]
[Result "1-0"]
[WhiteElo "2332"]
[BlackElo "2553"]
[TimeControl "180+1"]
[EndTime "8:57:14 PST"]
[Termination "jjlai1111 won by resignation"]

1. d4 Nf6 2. c4 e6 3. Nc3 Bb4 4. Qc2 b6 5. e4 Bb7 6. Bd3 Bxc3+ 7. bxc3 d6 8. Nf3 e5 9. O-O Nc6 10. Bg5 h6 11. Bh4 g5 12. d5 Ne7 13. Bg3 Ng6 14. c5 bxc5 15. Qa4+ Kf8 16. Rab1 Bc8 17. Bb5 Bd7 18. Bxd7 Nxd7 19. Rb7 Nb6 20. Qc6 Rc8 21. Rxa7 Ne7 22. Qb5 Ra8 23. Rxa8 Qxa8 24. Nxe5 Qxa2 25.
Nd7+ Kg7 26. Nxb6 cxb6 27. Bxd6 Ng6 28. Qxb6 Re8 29. Bxc5 Rxe4 30. Bd4+ Rxd4 31. Qxd4+ Kh7 32. d6 Nf4 33. Qe4+ Kg7 34. d7 Qd2 35. Qd4+ Qxd4 36.
cxd4 Ne6 37. Re1 1-0

[Event "Early-Titled-Tuesday-Blitz-January-30-2024"]
[Site "Chess.com"]
[Date "2024.01.30"]
[Round "5"]
[White "RamyresCoelho"]
[Black "dianamirza"]
[Result "1-0"]
[WhiteElo "2248"]
[BlackElo "1993"]
[TimeControl "180+1"]
[EndTime "8:57:14 PST"]
[Termination "RamyresCoelho won by checkmate"]

1. e4 c5 2. Nf3 Nc6 3. d4 cxd4 4. c3 e6 5. cxd4 d5 6. e5 Bb4+ 7. Nc3 Nge7 8. a3 Bxc3+ 9. bxc3 O-O 10. Bd3 f6 11. exf6 Rxf6 12. Bg5 Rf8 13. O-O Qe8 14. Ne5 Nxe5 15. dxe5 Nc6 16. f4 h6 17. Bh4 Bd7 18.
Rf3 Qh5 19. Qe1 g5 20. Bg3 Kh8 21. Ra2 Rg8 22. f5 exf5 23. Bxf5 Bxf5 24. Rxf5 Raf8 25. Raf2 Rxf5 26. Rxf5 Qg6 27. Rf6 Qg7 28. Qd2 Re8 29.
Qxd5 Rd8 30. Qe6 Qe7 31. Rxh6+ Kg7 32. Qg6+ Kf8 33. Rh8# 1-0

[Event "Early-Titled-Tuesday-Blitz-January-30-2024"]
[Site "Chess.com"]
[Date "2024.01.30"]
[Round "5"]
[White "mary-sanna"]
[Black "Perecke"]
[Result "0-1"]
[WhiteElo "2201"]
[BlackElo "2560"]
[TimeControl "180+1"]
[EndTime "8:57:16 PST"]
[Termination "Perecke won on time"]

1. d4 Nf6 2. c4 e6 3. Nf3 d5 4. g3 Be7 5. Bg2 O-O 6. O-O Nbd7 7.
Nc3 c6 8. Qd3 b6 9. e4 dxe4 10.
Nxe4 Nc5 11. Nxc5 bxc5 12. Rd1 Qb6 13. Ne5 Bb7 14. Qc2 cxd4 15. Bg5 Rfd8 16. Bxf6 gxf6 17.
Nd3 c5 18. Qe2 Bxg2 19. Kxg2 f5 20. h4 Bd6 21. h5 h6 22. Qd2 Kh7 23. b3 a5 24.
Rab1 a4 25. bxa4 Qc6+ 26. Kg1 Rxa4 27. Qc2 Ra3 28. Rb5 Qf3 29. Ne1 Qxh5 30. Rdb1 Bxg3 31. fxg3 Rxg3+ 32. Ng2 Rdg8 33. Rb7 Rxg2+ 34. Qxg2 Rxg2+ 35. Kxg2 Qe2+ 36. Kg3 Kg6 37. a4 Qxc4 0-1

[Event "Early-Titled-Tuesday-Blitz-January-30-2024"]
[Site "Chess.com"]
[Date "2024.01.30"]
[Round "5"]
[White "Ducke13"]
[Black "Flaccidmoves"]
[Result "1-0"]
[WhiteElo "2293"]
[BlackElo "2448"]
[TimeControl "180+1"]
[EndTime "8:57:16 PST"]
[Termination "Ducke13 won by checkmate"]

1. d4 Nf6 2. g3 d5 3. Nf3 Bf5 4. c4 c6 5. Nc3 e6 6. Nh4 Bg4 7. h3 Bh5 8. g4 Bg6 9. Nxg6 hxg6 10. g5 Ne4 11. Qb3 Qb6 12. c5 Qxb3 13. axb3 Nxc3 14. bxc3 Nd7 15. b4 a6 16. h4 e5 17. Bg2 Be7 18.
e4 dxe4 19. Bxe4 exd4 20. cxd4 O-O-O 21. b5 axb5 22. Ra8+ Nb8 23. Bf4 Kd7 24. h5 gxh5 25. Bf5+ Ke8 26. Rxb8 Rxb8 27. Bxb8 Bxg5 28. O-O Kd8 29.
Ra1 Ke7 30. Be5 f6 31. Bd6+ Kf7 32. Ra7 g6 33. Rxb7+ Kg8 34. Be6# 1-0

[Event "Early-Titled-Tuesday-Blitz-January-30-2024"]
[Site "Chess.com"]
[Date "2024.01.30"]
[Round "5"]
[White "TigrVShlyape"]
[Black "Aygehovit1992"]
[Result "1-0"]
[WhiteElo "2927"]
[BlackElo "2689"]
[TimeControl "180+1"]
[EndTime "8:57:19 PST"]
[Termination "TigrVShlyape won by resignation"]

1. e4 c5 2. Nf3 d6 3. d4 cxd4 4. Nxd4 Nf6 5. Nc3 g6 6. Be2 Bg7 7. O-O O-O 8. Be3 Nc6 9. Qd2 d5 10. Rfd1 Nxd4 11. Qxd4 Be6 12. e5 Nd7 13. f4 Nb6 14.
Qb4 Rc8 15. Bc5 Re8 16. Bf3 Qc7 17. Bxb6 axb6 18. Bxd5 Bg4 19. Rd3 e6 20. Be4 Bf8 21.
Qb3 Qc5+ 22. Kh1 Qf2 23. h3 Bf5 24. Rf3 Qc5 25. Bxb7 Rc7 26. Be4 Rd8 27. Raf1 Rd2 28. Rd3 Rxc2 29. Bxf5 Rxg2 30. Kxg2 gxf5 31. Qb5 Qe7 32.
Rfd1 Rc8 33. Rg3+ Kh8 34. Qd7 1-0

[Event "Early-Titled-Tuesday-Blitz-January-30-2024"]
[Site "Chess.com"]
[Date "2024.01.30"]
[Round "5"]
[White "Szparu"]
[Black "KubaGepard"]
[Result "0-1"]
[WhiteElo "2760"]
[BlackElo "2558"]
[TimeControl "180+1"]
[EndTime "8:57:20 PST"]
[Termination "KubaGepard won by resignation"]

1. e4 e5 2. Nf3 Nc6 3. Nc3 Nf6 4. Bb5 Bd6 5. d3 a6 6. Ba4 h6 7. a3 b5 8. Bb3 Bb7 9. g4 Nd4 10. g5 hxg5 11. Bxg5 Nxb3 12. cxb3 Be7 13. Nxe5 Nxe4 14. Nxe4 Bxg5 15. Qf3 Qe7 16. h4 Qxe5 17. hxg5 Rxh1+ 18. Qxh1 d5 19. f4 Qxb2 20. Rd1 dxe4 21. dxe4 Qc3+ 22. Kf2 Qc2+ 23. Ke3 Qxb3+ 24. Rd3 Qb2 25. g6 fxg6 26.
Qh8+ Ke7 27. Qh3 Rd8 28. Rxd8 Kxd8 29. Qe6 Qc3+ 30. Kf2 Qd4+ 31. Kg3 Qg1+ 32. Kf3 Bxe4+ 33. Kxe4 Qe1+ 34. Kd5 Qxe6+ 35. Kxe6 c5 36. Kf7 c4 37. Kxg6 c3 38. Kxg7 c2 39. f5 c1=Q 40. f6 Qxa3 41. f7 Qe7 42. Kg8 b4 43. f8=Q+ Qxf8+ 44. Kxf8 b3 0-1

[Event "Early-Titled-Tuesday-Blitz-January-30-2024"]
[Site "Chess.com"]
[Date "2024.01.30"]
[Round "5"]
[White "MBA_CHESS_2021"]
[Black "Ron_Weasley_Chess"]
[Result "0-1"]
[WhiteElo "2232"]
[BlackElo "2433"]
[TimeControl "180+1"]
[EndTime "8:57:21 PST"]
[Termination "Ron_Weasley_Chess won by checkmate"]

1. e4 c6 2. d4 d5 3. e5 Bf5 4. g4 Bd7 5. c4 e6 6. Nc3 Ne7 7.
Bg5 h6 8. Bxe7 Bxe7 9. cxd5 cxd5 10. Qb3 Nc6 11. Nf3 Rc8 12. Be2 O-O 13. h4 Qb6 14.
Qxb6 axb6 15. g5 h5 16. Kd2 g6 17. a3 Na5 18. Ke3 Nb3 19. Rad1 Bxa3 20. bxa3 Rxc3+ 21. Rd3 Rfc8 22. Rb1 Rxd3+ 23. Bxd3 Rc3 24. Nd2 Nc1 25. Rxc1 Rxc1 26. Nb1 Rh1 27. Nc3 Rxh4 28. Bb5 Rh3+ 29. f3 Bc6 30. Bf1 Rh2 31. Ne2 Bb5 32. Ng3 h4 33. Bxb5 hxg3 34. Bd7 Rb2 35. Bc8 g2 36. Bxb7 g1=Q+ 37. Kf4 Qh2+ 38. Ke3 Qd2# 0-1

[Event "Early-Titled-Tuesday-Blitz-January-30-2024"]
[Site "Chess.com"]
[Date "2024.01.30"]
[Round "5"]
[White "ketster"]
[Black "1977Ivan"]
[Result "0-1"]
[WhiteElo "2596"]
[BlackElo "2803"]
[TimeControl "180+1"]
[EndTime "8:57:23 PST"]
[Termination "1977Ivan won on time"]

1. d4 e6 2. c4 b6 3. a3 Bb7 4.
Nc3 Nf6 5. d5 g6 6. g3 Bg7 7.
Bg2 O-O 8. Nh3 c6 9. O-O Na6 10. Bg5 h6 11. Be3 exd5 12. cxd5 c5 13. d6 Bxg2 14.
Kxg2 Qc8 15. Nf4 Qc6+ 16. Kg1 Rfe8 17. Qa4 Qxa4 18. Nxa4 g5 19. Nd3 Nd5 20. Bd2 Rxe2 21. Rad1 Rae8 22. h4 gxh4 23. Nf4 Nxf4 24. Bxf4 hxg3 25.
Bxg3 Be5 26. Kg2 Bxg3 27. Kxg3 R8e6 28. Rd5 Nb8 29. f4 Nc6 30. f5 R6e3+ 31. Kf4 Re4+ 32. Kf3 Nd4+ 33. Kg3 R2e3+ 34. Kg2 Rg4+ 0-1

[Event "Early-Titled-Tuesday-Blitz-January-30-2024"]
[Site "Chess.com"]
[Date "2024.01.30"]
[Round "5"]
[White "vesalhamedinia"]
[Black "Harry_Rakkel"]
[Result "0-1"]
[WhiteElo "2497"]
[BlackElo "2712"]
[TimeControl "180+1"]
[EndTime "8:57:23 PST"]
[Termination "Harry_Rakkel won on time"]

1. d4 Nf6 2. c4 e6 3. Nf3 b6 4. a3 Bb7 5. Nc3 d5 6. cxd5 Nxd5 7. Qc2 Nd7 8. e4 Nxc3 9. bxc3 Be7 10. Bd3 c5 11. O-O Rc8 12. Qe2 O-O 13. a4 Qc7 14. h3 Rfd8 15. Be3 Nf6 16. Nd2 cxd4 17. cxd4 h6 18. Rfd1 Qc3 19. e5 Qc6 20. f4 Nd5 21. Be4 Nc3 22. Bxc6 Nxe2+ 23. Kf2 Bxc6 24. Kxe2 Bxg2 25. Rg1 Bxh3 26. Ne4 Rc2+ 27. Kf3 h5 28. Nf2 Bf5 29. Rh1 g6 30. Rag1 Kf8 31. Ra1 Rdc8 32. a5 b5 33. a6 R8c3 34. Ra5 Rb3 35. Raa1 Rcc3 36. Rhe1 Bh4 37. Rac1 Bg4+ 38. Nxg4 hxg4+ 0-1

[Event "Early-Titled-Tuesday-Blitz-January-30-2024"]
[Site "Chess.com"]
[Date "2024.01.30"]
[Round "5"]
[White "AlexLongson"]
[Black "dennisodessa"]
[Result "1-0"]
[WhiteElo "2450"]
[BlackElo "2606"]
[TimeControl "180+1"]
[EndTime "8:57:25 PST"]
[Termination "AlexLongson won by resignation"]

1. e4 e6 2. d4 d5 3. Bd3 dxe4 4. Bxe4 Nf6 5. Bf3 Nbd7 6. Ne2 e5 7. Nbc3 Bd6 8. O-O O-O 9. Ng3 exd4 10. Qxd4 Ne5 11. Be2 Bg4 12. f3 Be6 13. Nge4 Nxe4 14. Nxe4 Nc6 15.
Qf2 Be5 16. c3 b6 17. Bg5 f6 18.
Be3 Qe7 19. f4 Bd6 20. Nxd6 cxd6 21. Rfe1 Qc7 22. b3 Rfe8 23. Rad1 Rad8 24. c4 d5 25. cxd5 Rxd5 26. Rc1 Rd6 27. f5 Bd5 28. Bf4 Qd7 29. Bxd6 Qxd6 30. Red1 Qe5 31. Rxd5 Qxe2 32. Qxe2 Rxe2 33.
Rxc6 1-0

[Event "Early-Titled-Tuesday-Blitz-January-30-2024"]
[Site "Chess.com"]
[Date "2024.01.30"]
[Round "5"]
[White "Nekoo04"]
[Black "PolandHussars"]
[Result "0-1"]
[WhiteElo "2397"]
[BlackElo "2610"]
[TimeControl "180+1"]
[EndTime "8:57:25 PST"]
[Termination "PolandHussars won by checkmate"]

1. d4 Nf6 2. c4 c5 3. d5 e6 4. Nc3 exd5 5. cxd5 d6 6. e4 g6 7. Nf3 Bg7 8. Be2 O-O 9. Nd2 Nbd7 10. O-O Re8 11. Re1 a6 12. a4 Ne5 13. Nc4 Nxc4 14.
Bxc4 Bd7 15. Bf4 Qb6 16. Qd3 Ng4 17. Qc2 f5 18. h3 Ne5 19. a5 Qd8 20. Bf1 fxe4 21.
Nxe4 Bf5 22. Qb3 Bxe4 23. Rxe4 Qd7 24. Rae1 Rf8 25. Bg3 g5 26. h4 g4 27. Bxe5 Bxe5 28.
Rxe5 dxe5 29. d6+ Kh8 30. Rxe5 Qxd6 31. Qc3 Qf6 32. Qxc5 Rac8 33. Qe3 Rc2 34. Be2 Rxb2 35. Re6 Rb1+ 36. Bf1 Qa1 37. Re7 Rxf1+ 38. Kh2 g3+ 39.
Kxg3 Rg8+ 40. Kh3 Rh1# 0-1

[Event "Early-Titled-Tuesday-Blitz-January-30-2024"]
[Site "Chess.com"]
[Date "2024.01.30"]
[Round "5"]
[White "ChainedDowntohell"]
[Black "FlemingA"]
[Result "1/2-1/2"]
[WhiteElo "2588"]
[BlackElo "2444"]
[TimeControl "180+1"]
[EndTime "8:57:25 PST"]
[Termination "Game drawn by repetition"]

1. d4 Nf6 2. c4 c5 3. d5 b5 4.
Nd2 g6 5. e4 d6 6. Ngf3 Bg7 7. Bd3 O-O 8. O-O Nbd7 9. Re1 Ng4 10.
cxb5 a6 11. bxa6 Bxa6 12. Bxa6 Rxa6 13. Nc4 Qa8 14. a4 Nge5 15. Nfxe5 Nxe5 16. Nxe5 Bxe5 17. Qc2 Rb8 18. Ra3 Qb7 19. Ree3 Rb6 20. a5 Rb4 21. a6 Qa7 22. Ra2 Bf4 23. Re2 Be5 24. Re3 Bf4 25. Re1 Be5 26. Re3 1/2-1/2

[Event "Early-Titled-Tuesday-Blitz-January-30-2024"]
[Site "Chess.com"]
[Date "2024.01.30"]
[Round "5"]
[White "agvega14"]
[Black "Massakru"]
[Result "0-1"]
[WhiteElo "2156"]
[BlackElo "2406"]
[TimeControl "180+1"]
[EndTime "8:57:25 PST"]
[Termination "Massakru won on time"]

1. e4 e5 2. Nf3 Nc6 3. d4 exd4 4.
Bc4 Nf6 5. e5 d5 6. Bb5 Ne4 7.
Nxd4 Bd7 8. Bxc6 bxc6 9. O-O Bc5 10. f3 Ng5 11. f4 Ne4 12. Be3 f6 13. Nd2 Nxd2 14.
Qxd2 O-O 15. Nf3 Bxe3+ 16. Qxe3 Bg4 17. e6 Qe7 18. Rae1 Bxf3 19. Rxf3 f5 20. Qd4 Rf6 21. Rg3 a6 22. b4 Re8 23. h3 g6 24. Rc3 Rxe6 25. Rxe6 Qxe6 26. Kh2 Qd6 27. Re3 Re4 28. Rxe4 fxe4 29. Qe3 g5 30. g3 gxf4 31. gxf4 Kf7 32.
Qg3 d4 33. Qg5 Qf6 34. Qh5+ Kg7 35. Qg4+ Kh6 36. f5 Qe5+ 37. Kg2 e3 38. Qh4+ Kg7 39.
Qg4+ Kf8 40. Kf1 c5 41. bxc5 Qxc5 42. f6 Qc4+ 43. Kg1 Qg8 0-1

[Event "Early-Titled-Tuesday-Blitz-January-30-2024"]
[Site "Chess.com"]
[Date "2024.01.30"]
[Round "5"]
[White "Nemegejas"]
[Black "SahibSinghKnight"]
[Result "1-0"]
[WhiteElo "2862"]
[BlackElo "2658"]
[TimeControl "180+1"]
[EndTime "8:57:26 PST"]
[Termination "Nemegejas won on time"]

1. d4 d5 2. c4 e6 3. Nf3 c6 4.
Qc2 dxc4 5. Qxc4 b5 6. Qc2 Bb7 7. e4 Nd7 8. a4 b4 9. a5 Rc8 10. Bc4 c5 11. d5 exd5 12. exd5 Bd6 13. O-O Ne7 14. Bg5 O-O 15. Re1 f6 16. Bh4 Kh8 17.
Nbd2 Ng6 18. Bg3 Nde5 19. a6 Ba8 20. Rad1 Qd7 21. b3 Rce8 22. Re3 Nxf3+ 23. Nxf3 Rxe3 24. Bxd6 Rc3 25. Qxg6 hxg6 26. Bxf8 Qg4 27. h3 Qf5 28. Bxc5 Rxf3 29. gxf3 Qxf3 30. Rd3 Qf4 31. Bxa7 Qg5+ 32. Kf1 Qf5 33. Bb8 Qe4 34. a7 Qh1+ 35. Ke2 Qe4+ 36. Kd2 Qf5 37. Bg3 Qd7 38. d6 f5 39. Be6 1-0

[Event "Early-Titled-Tuesday-Blitz-January-30-2024"]
[Site "Chess.com"]
[Date "2024.01.30"]
[Round "5"]
[White "TreinadorBR"]
[Black "MathiasWomacka"]
[Result "0-1"]
[WhiteElo "2318"]
[BlackElo "2529"]
[TimeControl "180+1"]
[EndTime "8:57:26 PST"]
[Termination "MathiasWomacka won on time"]

1. e4 c5 2. Nf3 d6 3. d4 cxd4 4. Nxd4 Nf6 5. Nc3 a6 6. Bg5 e6 7. Qd2 Be7 8. f3 b5 9. Be3 Bb7 10. O-O-O Nbd7 11. Bd3 Ne5 12. g4 Nfd7 13. Kb1 Nb6 14.
b3 Rc8 15. Nce2 Nec4 16. Bxc4 bxc4 17. Qa5 cxb3 18. axb3 Nd7 19. Qxd8+ Bxd8 20. g5 g6 21. h4 e5 22. Ne6 fxe6 23. Rxd6 Rc6 24. Rhd1 Rxd6 25.
Rxd6 Ke7 26. Rd2 Rf8 27. Ng1 Ba5 28. Rd3 Bb4 29. c3 Bd6 30. b4 Bc6 31. Kb2 Bb5 32.
Rd2 Rb8 33. Kb3 Bc6 34. Ra2 Bc5 35. Bxc5+ Nxc5+ 36. Kc4 Nd7 0-1

[Event "Early-Titled-Tuesday-Blitz-January-30-2024"]
[Site "Chess.com"]
[Date "2024.01.30"]
[Round "5"]
[White "Pliukha_Mikhail"]
[Black "vladoboch"]
[Result "1-0"]
[WhiteElo "2770"]
[BlackElo "2484"]
[TimeControl "180+1"]
[EndTime "8:57:28 PST"]
[Termination "Pliukha_Mikhail won by resignation"]

1. e4 e5 2. Nf3 Nc6 3. d4 exd4 4.
Bc4 Nf6 5. O-O Nxe4 6. Re1 d5 7.
Nc3 dxc4 8. Rxe4+ Be6 9. Nxd4 Nxd4 10. Rxd4 Qf6 11. Be3 Bc5 12. Ne4 Qe5 13. Nxc5 Qxc5 14. Qf3 O-O 15. Rad1 Qb5 16. Qg3 Kh8 17. Rh4 c5 18.
Rh5 Rad8 19. Re1 Rd5 20. Rxd5 Bxd5 21. Qd6 Rg8 22. Qxd5 Qxb2 23. Qxc4 b6 24. h4 h6 25. Rd1 Qf6 26. g3 Qg6 27. Rd7 f5 28. Rxa7 Rd8 29.
Kh2 Qg4 30. Qxg4 fxg4 31. Rb7 Rd6 32. a4 Kg8 33. c4 Kh7 34. h5 Rc6 35. Bf4 Re6 36. Bc7 Re4 37. Bxb6 Rxc4 38. a5 Rb4 39. a6 c4 40. a7 Ra4 41. Bd4 1-0

[Event "Early-Titled-Tuesday-Blitz-January-30-2024"]
[Site "Chess.com"]
[Date "2024.01.30"]
[Round "5"]
[White "Chernobay_Artem"]
[Black "chedimir"]
[Result "1-0"]
[WhiteElo "2625"]
[BlackElo "2401"]
[TimeControl "180+1"]
[EndTime "8:57:29 PST"]
[Termination "Chernobay_Artem won by resignation"]

1. d4 d5 2. c4 e6 3. Nc3 c6 4. e4 dxe4 5. Nxe4 Bb4+ 6. Bd2 Qxd4 7. Bxb4 Qxe4+ 8. Be2 c5 9. Bxc5 Na6 10. Bd4 Nf6 11. Nf3 Bd7 12. O-O Bc6 13. Bd3 Qg4 14. h3 Bxf3 15.
hxg4 Bxd1 16. Raxd1 Nxg4 17. Bxg7 Rg8 18. Bc3 f5 19.
Rfe1 Kf7 20. Bxf5 exf5 21. Rd7+ Kg6 22. Re6+ Kg5 23. Bd2+ f4 24. Rd5+ Kh4 25. Bxf4 Nxf2 26. g3+ Kg4 27. Kxf2 Raf8 28. Rh6 Rxf4+ 29. gxf4 Rf8 30.
f5 Rxf5+ 31. Rxf5 Kxf5 32. Rxh7 1-0

[Event "Early-Titled-Tuesday-Blitz-January-30-2024"]
[Site "Chess.com"]
[Date "2024.01.30"]
[Round "5"]
[White "topalovkramnik"]
[Black "profedechess93"]
[Result "0-1"]
[WhiteElo "2438"]
[BlackElo "2622"]
[TimeControl "180+1"]
[EndTime "8:57:30 PST"]
[Termination "profedechess93 won by resignation"]

1. e4 e6 2. d4 d5 3. Nd2 Be7 4.
Ngf3 Nf6 5. Bd3 c5 6. c3 cxd4 7. cxd4 dxe4 8. Nxe4 Nc6 9. O-O O-O 10. Bg5 Nxd4 11.
Re1 Nxf3+ 12. Qxf3 Nd5 13. Bxe7 Qxe7 14. Rad1 Bd7 15.
Qg3 Bc6 16. Ng5 Nf6 17. Nf3 Rfd8 18. Ne5 Be8 19. Qh4 Qc7 20. g4 h6 21. g5 hxg5 22. Qxg5 Rd5 23. Rc1 Qa5 24. Qe3 Rad8 25. Bb1 Qd2 26.
Qxd2 Rxd2 27. Nc4 R2d4 28. Na5 Rg4+ 29. Kf1 Bb5+ 0-1

[Event "Early-Titled-Tuesday-Blitz-January-30-2024"]
[Site "Chess.com"]
[Date "2024.01.30"]
[Round "5"]
[White "unclear15"]
[Black "Horokoskii"]
[Result "1/2-1/2"]
[WhiteElo "2392"]
[BlackElo "2157"]
[TimeControl "180+1"]
[EndTime "8:57:32 PST"]
[Termination "Game drawn by repetition"]

1. e4 e6 2. d4 d5 3. Nc3 Nf6 4. e5 Nfd7 5. f4 c5 6. Nf3 Nc6 7. Be3 a6 8. Qd2 b5 9. Be2 Qb6 10. a4 b4 11. Nd1 a5 12. c3 cxd4 13. Nxd4 Nxd4 14. Bxd4 Bc5 15. Bb5 O-O 16. Bxd7 Bxd7 17.
Qe3 Bxd4 18. Qxd4 Rab8 19. Qxb6 Rxb6 20. Kd2 bxc3+ 21. bxc3 Rfb8 22. Kc2 Rc8 23. Nb2 d4 24. c4 Bc6 25. Rhd1 Be4+ 26. Kc1 d3 27. Nxd3 Rxc4+ 28. Kd2 Bxd3 29. Kxd3 Rbb4 30. Rac1 Rd4+ 31. Kc3 Rdc4+ 32.
Kd3 Rxc1 33. Rxc1 g6 34. Rc4 Rb2 35. Rc2 Rb4 36. Rc4 Rb2 37. Rc2 Rb4 38. Rc4 1/2-1/2

[Event "Early-Titled-Tuesday-Blitz-January-30-2024"]
[Site "Chess.com"]
[Date "2024.01.30"]
[Round "5"]
[White "invisible_s0ul"]
[Black "deepfear"]
[Result "1-0"]
[WhiteElo "2240"]
[BlackElo "1933"]
[TimeControl "180+1"]
[EndTime "8:57:32 PST"]
[Termination "invisible_s0ul won on time"]

1. e4 c5 2. Nf3 g6 3. c3 d5 4. e5 Bg4 5. d4 e6 6. Bb5+ Nc6 7. O-O cxd4 8. cxd4 Ne7 9. Bg5 h6 10. Bf6 Rg8 11. h3 Bxf3 12. Qxf3 a6 13. Bxc6+ bxc6 14. Rc1 Qb6 15. Qc3 Rc8 16. b4 Nf5 17. Rd1 Qxb4 18.
Qd3 Qb5 19. Qf3 Bg7 20. Nc3 Qa5 21. Rab1 Bxf6 22. exf6 Qd8 23. Kh1 g5 24. Rb7 Rg6 25.
Qd3 Qxf6 26. Qxa6 Nxd4 27. Rxf7 1-0

[Event "Early-Titled-Tuesday-Blitz-January-30-2024"]
[Site "Chess.com"]
[Date "2024.01.30"]
[Round "5"]
[White "Sadykov_Ramil"]
[Black "snowlord"]
[Result "0-1"]
[WhiteElo "2609"]
[BlackElo "2853"]
[TimeControl "180+1"]
[EndTime "8:57:33 PST"]
[Termination "snowlord won by resignation"]

1. e4 Nf6 2. e5 Nd5 3. d4 d6 4. c4 Nb6 5. f4 dxe5 6. fxe5 c5 7.
d5 g6 8. Nf3 Bg7 9. Nc3 Bg4 10.
Bf4 O-O 11. h3 Bxf3 12. Qxf3 N8d7 13. Qe4 e6 14. O-O-O exd5 15. cxd5 Qe8 16. Bb5 Bxe5 17. Rhe1 Bxc3 18. bxc3 Qxe4 19. Rxe4 Nf6 20. Re5 a6 21.
Be2 Rfe8 22. Bf3 Nbd7 23. Rxe8+ Rxe8 24. d6 Ne4 25. Kc2 b5 26. a4 b4 27. cxb4 cxb4 28. a5 Rc8+ 29. Kb3 Nc3 30. Rd4 Nb5 31. Rxb4 Nc5+ 32.
Ka2 Nd3 33. d7 Nxb4+ 34. Kb3 Rd8 35. Bc6 Nxc6 0-1

[Event "Early-Titled-Tuesday-Blitz-January-30-2024"]
[Site "Chess.com"]
[Date "2024.01.30"]
[Round "5"]
[White "CristianS27"]
[Black "shirovin"]
[Result "1-0"]
[WhiteElo "2554"]
[BlackElo "2052"]
[TimeControl "180+1"]
[EndTime "8:57:33 PST"]
[Termination "CristianS27 won on time"]

1. e4 c5 2. Nf3 d6 3. d4 cxd4 4. Nxd4 Nf6 5. Nc3 a6 6. Be3 e5 7.
Nf3 Be7 8. Bc4 O-O 9. O-O Be6 10. Bb3 Nc6 11. Qe2 Na5 12. Rfd1 Nxb3 13. axb3 Qc7 14.
Bg5 Rac8 15. Bxf6 Bxf6 16. Rac1 b5 17. Nd5 Bxd5 18. Rxd5 Be7 19. c3 g6 20. Rcd1 f5 21.
exf5 Rxf5 22. Nd2 Rcf8 23. f3 Qb6+ 24. Qf2 Qb7 25. Ne4 Rd8 26. Nxd6 Bxd6 27. Rxd6 Rxd6 28.
Rxd6 e4 29. Qd4 exf3 30. Rd8+ Rf8 31. Rxf8+ Kxf8 32. Qh8+ 1-0

[Event "Early-Titled-Tuesday-Blitz-January-30-2024"]
[Site "Chess.com"]
[Date "2024.01.30"]
[Round "5"]
[White "only_strong_moves"]
[Black "GoValya"]
[Result "1-0"]
[WhiteElo "2523"]
[BlackElo "2309"]
[TimeControl "180+1"]
[EndTime "8:57:33 PST"]
[Termination "only_strong_moves won by resignation"]

1. d4 d5 2. Nc3 g6 3. Bf4 a6 4. e3 Bg7 5. h4 h5 6. Nf3 Nf6 7. Ne5 Nbd7 8. Bd3 Nxe5 9. Bxe5 O-O 10. Qd2 c5 11. dxc5 Be6 12. Ne2 Ne4 13. Bxe4 Bxe5 14. Bf3 Bxb2 15. Rb1 Be5 16. Nd4 Bxd4 17. Qxd4 Qa5+ 18.
Kf1 Qxa2 19. Rxb7 Rab8 20. Rb6 Qxc2 21. Kg1 Rbc8 22. Kh2 Qxf2 23. Rc1 a5 24. c6 a4 25.
Rb2 Rxc6 26. Rxc6 Qe1 27. Rb7 a3 28. Ra7 Rb8 29. Rxe6 Rb4 30. Ra8+ 1-0

[Event "Early-Titled-Tuesday-Blitz-January-30-2024"]
[Site "Chess.com"]
[Date "2024.01.30"]
[Round "5"]
[White "UK_23"]
[Black "Karttunen"]
[Result "0-1"]
[WhiteElo "2403"]
[BlackElo "2611"]
[TimeControl "180+1"]
[EndTime "8:57:34 PST"]
[Termination "Karttunen won by checkmate"]

1. e4 e5 2. Nf3 Nc6 3. d4 exd4 4.
Nxd4 Bc5 5. Nb3 Bb6 6. Nc3 Qf6 7. Qe2 Nge7 8. Be3 Bxe3 9. Qxe3 O-O 10. O-O-O a6 11.
f4 d6 12. Be2 Re8 13. g4 Bd7 14. g5 Qe6 15. Qg3 f5 16. gxf6 Qxf6 17. Rhg1 Rad8 18. Kb1 Kh8 19. h4 Be6 20. h5 Qh6 21. Rg2 Rg8 22.
Rdg1 Rdf8 23. f5 Bf7 24. Qh4 Qf6 25. Qf4 h6 26. a3 Ne5 27. Nd4 c5 28. Nf3 Nxf3 29.
Bxf3 Nc6 30. Rd1 Ne5 31. Nd5 Bxd5 32. Rxd5 Rd8 33. Rgd2 Rge8 34. Be2 b5 35. a4 bxa4 36. Bxa6 a3 37. bxa3 Rb8+ 38. Kc1 Nc4 39. Bxc4 Qa1# 0-1

[Event "Early-Titled-Tuesday-Blitz-January-30-2024"]
[Site "Chess.com"]
[Date "2024.01.30"]
[Round "5"]
[White "SirGerhard"]
[Black "RichardLeyvaP"]
[Result "0-1"]
[WhiteElo "2757"]
[BlackElo "2534"]
[TimeControl "180+1"]
[EndTime "8:57:35 PST"]
[Termination "RichardLeyvaP won by resignation"]

1. d4 Nf6 2. c4 g6 3. Nc3 Bg7 4. e4 d6 5. f3 O-O 6. Bg5 h6 7.
Be3 Nc6 8. Nge2 a6 9. Qd2 h5 10.
g3 Rb8 11. Bg2 b5 12. cxb5 axb5 13. O-O b4 14. Na4 Ba6 15. Rfc1 Bb5 16. b3 e6 17. Nb2 Nd7 18. Rc2 Bxe2 19. Rxc6 Bb5 20. Rc2 c5 21. dxc5 dxc5 22. Rd1 Qa5 23. Nc4 Qa6 24.
Qd6 Qb7 25. Bxc5 Nxc5 26. Qxc5 Rfc8 27. Qxb4 Qa7+ 28. Kh1 Bxc4 29. Qd2 Bb5 30. Rdc1 Rd8 31.
Qf4 Be8 32. h4 Qd4 33. g4 Be5 34. Qg5 Bf6 35. Qf4 hxg4 36. Qxg4 Kg7 37. f4 Bb5 38. Rc7 Rh8 39. Qxe6 Rxh4+ 40. Bh3 Rxh3+ 41. Qxh3 Qxe4+ 42. Qg2 Rh8+ 43. Kg1 Bd4+ 0-1